Map: Frozen Temple

Players

Nomad - Winner!

  • Race: Terran Terran
  • League: Bronze

Mindele

  • Race: Terran Terran
  • League: Bronze

VOD

Have the link to the VOD?

Description

Time

  • Played on: May 14, 2016, 4:58 p.m.
  • Length: 8:16
Show
View Real Time Build Order
Export as new Build Order

Nomad Terran - Winner!

Build Orders:  

Get SALT Encoding   

  12  0:01  SCV  
  13  0:13  SCV  
  14  0:19  Supply Depot  
  14  0:25  SCV  
  15  0:48  Barracks, SCV  
  16  0:53  Refinery  
  16  1:00  SCV  
  17  1:07  Barracks  
  17  1:12  SCV  
  18  1:24  SCV  
  19  1:39  Orbital Command  
  19  1:41  Supply Depot  
  19  1:43  Barracks Tech Lab  
  19  1:57  Barracks Reactor  
  19  2:05  Barracks  
  19  2:12  SCV  
  19  2:13  Refinery  
  19  2:15  Marine  
  21  2:28  SCV  
  22  2:33  Marine  
  22  2:34  Reaper  
  22  2:36  Reaper  
  25  2:43  SCV  
  26  2:50  Marine  
  27  2:53  Command Center  
  27  3:06  Reaper  
  27  3:07  Barracks Reactor  
  27  3:08  Reaper  
  29  3:23  SCV  
  30  3:35  SCV  
  31  3:41  Bunker  
  31  4:03  Combat Shields  
  31  4:05  Reaper x2, Marine x3, SCV  
  37  4:17  SCV  
  37  4:22  Marine  
  39  4:29  SCV  
  40  4:37  Reaper x2  
  42  4:41  SCV  
  43  4:50  Refinery  
  43  4:53  SCV  
  44  5:01  Orbital Command  
  44  5:05  SCV  
  45  5:09  Reaper  
  46  5:17  Command Center  
  46  5:22  Barracks  
  46  5:42  Marine  
  46  5:52  Marine  
  46  5:53  Marine, SCV  
  46  6:00  Reaper x2  
  46  6:04  Marine  
  45  6:05  SCV  
  45  6:10  Marine  
  45  6:11  Marine  
  44  6:16  Marine  
  42  6:21  Marine  
  37  6:28  Marine  
  37  6:29  Marine  
  37  6:32  Reaper x2  
  36  6:34  Marine  
  36  6:39  Marine  
  31  6:46  Marine x2  
  30  6:52  Marine  
  28  6:57  Marine  
  26  7:03  Marine  
  26  7:04  Reaper x2, Marine  
  29  7:10  Marine  
  29  7:15  Marine  
  30  7:20  Engineering Bay  
  30  7:21  Marine  
  30  7:22  Marine  
  31  7:27  Marine  
  33  7:33  Marine  
  33  7:36  Reaper  
  35  7:39  Marine  
  35  7:40  Marine  
  37  7:45  Marine  
  37  7:51  Marine  
Show
View Real Time Build Order
Export as new Build Order

Mindele Terran 

Build Orders:  

Get SALT Encoding   

  12  0:02  SCV  
  14  0:14  SCV  
  14  0:18  Supply Depot  
  14  0:26  SCV  
  15  0:40  SCV  
  16  0:44  Barracks  
  16  0:52  SCV  
  17  1:03  Barracks  
  17  1:04  SCV  
  17  1:09  Refinery  
  18  1:19  SCV  
  19  1:27  Refinery  
  20  1:33  Orbital Command  
  19  1:40  Marine  
  20  1:51  Marine  
  21  2:03  SCV  
  21  2:04  Supply Depot  
  21  2:07  Marine  
  23  2:12  Barracks  
  23  2:26  SCV  
  24  2:31  Supply Depot  
  24  2:33  Marine  
  24  2:34  Marine  
  26  2:38  SCV  
  27  2:47  Barracks  
  27  2:50  SCV  
  28  2:54  Reaper x2  
  30  3:00  Supply Depot  
  30  3:02  SCV  
  30  3:04  Marine  
  32  3:17  SCV  
  33  3:22  Marine  
  33  3:25  Supply Depot  
  34  3:29  SCV  
  35  3:41  SCV  
  35  3:42  Reaper  
  35  3:43  Reaper, Marine  
  35  3:44  Marine  
  35  3:47  Supply Depot  
  40  3:53  SCV  
  41  3:56  Barracks  
  41  4:05  Marine, SCV  
  41  4:06  Marine  
  43  4:39  Marine  
  43  4:40  Marine x3  
  47  4:53  SCV  
  47  4:58  Reaper  
  49  5:02  Reaper x2  
  49  5:05  SCV  
  52  5:11  Marine  
  52  5:12  Marine  
  52  5:13  Supply Depot  
  54  5:17  SCV  
  55  5:29  Marine, SCV  
  57  5:35  Supply Depot  
  49  5:44  Marine x2  
  42  5:50  Marine x2  
  42  5:56  Marine  
  43  6:02  Marine  
  44  6:12  Marine  
  44  6:13  Marine  
  44  6:14  Marine  
  47  6:23  Marine x2  
  49  6:35  Marine x3  
  49  6:44  Marine x2  
  30  7:18  Marine x3  
  30  7:19  Marine x2  
  32  7:28  SCV  
  33  7:38  Marine  
  33  7:39  Marine x2  
  33  7:40  Marine  
  33  7:41  Marine, SCV  
Tags
 
Add a new tag
Caveats
  • Supply blocks, unpowered buildings, or Contaminate may cause inaccurate times.
  • Supply counts are checked every 10 seconds.